 Dungeon Crawl Stone Soup version 0.22-a0-362-g535178c (webtiles) character file.

23 Amnesiac the Magician (level 2, -3/21 HPs)
             Began as a Mummy Wizard on Apr 21, 2018.
             Slain by a hound (4 damage)
             ... on level 3 of the Dungeon.
             The game lasted 00:02:52 (1051 turns).

Amnesiac the Magician (Mummy Wizard)                Turns: 1051, Time: 00:02:52

Health: -3/21      AC:  2    Str: 10    XL:     2   Next: 72%
Magic:  0/7        EV: 12    Int: 17    God:
Gold:   35         SH:  0    Dex: 10    Spells: 6/9 levels left

rFire    x . .     SeeInvis .   d - -3 club (curse)
rCold    + . .     Gourm    .   (no shield)
rNeg     + + +     Faith    .   a - +0 robe
rPois    ∞         Spirit   .   b - +0 hat
rElec    .         Reflect  .   (no cloak)
rCorr    .         Harm     .   (no gloves)
MR       .....                  (no boots)
Stlth    ++........             (no amulet)
HPRegen  0.07/turn              (no ring)
MPRegen  0.10/turn              (no ring)

@: no status effects
A: no food or potions, fire vulnerability, cold resistance 1, negative energy
resistance 3, torment resistance, unbreathing
a: no special abilities


You were on level 3 of the Dungeon.
You were not hungry.

You visited 1 branch of the dungeon, and saw 4 of its levels.

You collected 35 gold pieces.

Inventory:

Hand Weapons
 d - a cursed -3 club (weapon)
 e - a +1 dagger of protection
Missiles
 g - 15 stones (quivered)
Armour
 a - a +0 robe (worn)
 b - a +0 hat (worn)
Scrolls
 c - 2 scrolls of identify {!r, unknown}
 f - a scroll of random uselessness {!r, unknown}


   Skills:
 + Level 1.0 Fighting
 * Level 2.2 Dodging
 - Level 1.5 Stealth
 - Level 4.0 Spellcasting
 + Level 1.2 Conjurations
 - Level 0.7 Summonings
   Level 0.7 Translocations


You had 6 spell levels left.
You knew the following spells:

 Your Spells              Type           Power        Failure   Level  Hunger
a - Magic Dart            Conj           #...         10%         1    N/A
b - Call Imp              Summ           #.......     19%         2    N/A

Dungeon Overview and Level Annotations

Branches:
Dungeon (4/15)
 Temple: D:4-7

Altars:
Makhleb
Okawaru
Trog

Annotations:
D:4 Dowan, Duvessa, Grinder


Innate Abilities, Weirdness & Mutations

You do not eat or drink.
Your flesh is vulnerable to fire.
You are immune to poison.
Your flesh is cold resistant. (rC+)
You are immune to negative energy. (rN+++)
You are immune to unholy pain and torment.
You can survive without breathing.


Message History

The hound barely misses you.
The frilled lizard hisses angrily.
The hound bites your shadow imp.
Casting: Call Imp (safe; 19% risk of failure)
Confirm with . or Enter, or press ? or * to list all spells.
A beastly little devil appears in a puff of flame.
The hound bites your shadow imp. x2
Casting: Call Imp (safe; 19% risk of failure)
Confirm with . or Enter, or press ? or * to list all spells.
You miscast Call Imp.
You are very lightly contaminated with residual magic.
Distant voices call out to you! The hound bites your shadow imp.
Your shadow imp dies!
The hound misses your crimson imp. The frilled lizard closely misses you.
The hound bites your crimson imp.
You closely miss the frilled lizard. The hound misses your crimson imp.
The frilled lizard bites you but does no damage.
The hound bites your crimson imp but does no damage.
The frilled lizard bites you.
* * * LOW HITPOINT WARNING * * *
Casting: Call Imp (safe; 19% risk of failure)
Confirm with . or Enter, or press ? or * to list all spells.
Aiming: Magic Dart (safe; 10% risk of failure)
Press: ? - help, Shift-Dir - straight line, f - frilled lizard
Aim: a frilled lizard The magic dart hits the frilled lizard.
You kill the frilled lizard!
The hound barely misses your crimson imp.
The hound closely misses your crimson imp.
Your crimson imp blinks!
The hound closely misses your crimson imp.
The hound barely misses your crimson imp.
Casting: Magic Dart (safe; 10% risk of failure)
Confirm with . or Enter, or press ? or * to list all spells.
Aiming: Magic Dart (safe; 10% risk of failure)
Press: ? - help, Shift-Dir - straight line, f - hound
Aim: a hound (severely wounded)
The magic dart hits the hound.
The hound is almost dead.
Unknown command.
The hound bites you but does no damage. The hound barely misses you.
The hound closely misses you. The hound bites your crimson imp.
The hound completely misses your crimson imp.
Your crimson imp disappears in a puff of smoke!
The hound bites you but does no damage.
Casting: Magic Dart (safe; 10% risk of failure)
Confirm with . or Enter, or press ? or * to list all spells.
Aiming: Magic Dart (safe; 10% risk of failure)
Press: ? - help, Shift-Dir - straight line, f/p - hound
Aim: a hound (almost dead)
The magic dart hits the hound.
The hound is almost dead.
The hound bites you but does no damage. The hound bites you.
* * * LOW HITPOINT WARNING * * *
Unknown command.
The hound barely misses you.
Okay, then.
The hound bites you.
* * * LOW HITPOINT WARNING * * *
Your magical contamination has completely faded away.
The hound bites you.
You die...

..## #..## ... ####..####
## #...#.##.# #.
+.....##.#############
##...#..#........>...#
##....#h.####.........#
###.....#@.# #.........#
#.......#..# #.........#
#.......#...# ##<.#####.#
#.......#.#.# #..# #.#
#..)....#.#.# #..# #.##
##...#...#.#..###..# #...
#....###.#.........#####.##
#.†..# #.####..............
#....# #.# #.....##.....##


You could see a hound.

Vanquished Creatures
  2 orcs (D:3)
  2 hobgoblins (D:3)
  3 bats
  2 frilled lizards (D:3)
  A goblin (D:1)
  A kobold (D:3)
  A quokka zombie (D:3)
  3 rats (D:3)
15 creatures vanquished.

Vanquished Creatures (collateral kills)
  An adder (D:3)
1 creature vanquished.

Grand Total: 16 creatures vanquished

Notes
Turn   | Place    | Note
-------+----------+-------------------------------------------
     0 | D:1      | Amnesiac the Mummy Wizard began the quest for the Orb.
     0 | D:1      | Reached XP level 1. HP: 13/13 MP: 5/5
   387 | D:3      | Found a burning altar of Makhleb.
   402 | D:3      | Reached skill level 1 in Conjurations
   403 | D:3      | Reached XP level 2. HP: 10/20 MP: 0/7
   407 | D:3      | Learned a level 2 spell: Call Imp
   772 | D:3      | Reached skill level 1 in Fighting
   974 | D:4      | Noticed Duvessa
   974 | D:4      | Noticed Dowan
  1020 | D:4      | Found a bloodstained altar of Trog.
  1021 | D:4      | Noticed Grinder
  1021 | D:4      | Found an iron altar of Okawaru.
  1022 | D:4      | Noticed a scorpion
  1049 | D:3      | HP: 1/21 [hound (3)]
  1051 | D:3      | Slain by a hound

Vault maps used:
D:1:      saegor_arrival_simple_e
D:2:      first_ration, minmay_randomly_rotated_circles
D:3:      kennysheep_the_goblin_king, nicolae_overflow_crystal_walls,
          eino_curves_03, kennysheep_nondescript, grunt_ministairs_4,
          kennysheep_big_empty_room
D:4:      grunt_temple_overflow_bloody_war, lemuel_crystal_altar,
          sigmund_edmund_badplayer, uniq_duvessa, uniq_grinder

Skill      XL: |  1  2 |
---------------+-------+-----
Conjurations   | 1 |  1.2
Dodging        | 2 |  2.2
Fighting       | 1 |  1.0
Stealth        | |  1.5
Spellcasting   | |  4.0
Summonings     | |  0.7
Translocations | |  0.7

Action                   || total
-------------------------++-------
Melee: Club              ||    11
 Cast: Magic Dart        ||    44
       Call Imp          ||     3
Armor: Robe              ||     9
Dodge: Dodged            ||    20

Table legend:
 A = Spawn XP
 B = Non-spawn XP
 C = Spawn XP percentage of total XP
 D = Spawn monster count
 E = Non-spawn monster count
 F = Spawn count percentage of total count
 G = Total turns spent on level
                    A         B        C        D         E        F      G
               +---------+---------+-------+---------+---------+-------+---------
         Total |       0 |      33 |   0.0 |       0 |      16 |   0.0 |  1051
               +---------+---------+-------+---------+---------+-------+---------
           D:1 |       0 |       1 |   0.0 |       0 |       1 |   0.0 |    46
           D:2 |       0 |       1 |   0.0 |       0 |       1 |   0.0 |    27
           D:3 |       0 |      31 |   0.0 |       0 |      14 |   0.0 |   966
               +---------+---------+-------+---------+---------+-------+---------
